 Dungeon Crawl Stone Soup version 0.24-a0-217-g1152973 (console) character file.

Game seed: 2928325913604192424

14108 bli the Brawler (level 11, -11/101 HPs)
             Began as a Troll Monk on Mar 29, 2019.
             Was a High Priest of Qazlal.
             Mangled by a spiny frog (20 damage)
             ... on level 2 of the Lair of Beasts.
             The game lasted 00:37:39 (10172 turns).

bli the Brawler (Troll Monk)                       Turns: 10172, Time: 00:37:40

Health: -11/101    AC:  6    Str: 23    XL:     11   Next: 84%
Magic:  19/19      EV: 15    Int:  6    God:    Qazlal [*****.]
Gold:   856        SH:  6    Dex: 15    Spells: 10/10 levels left

rFire    + . .     SeeInvis .     - Unarmed
rCold    + . .     Gourm    +   (no shield)
rNeg     . . .     Faith    .   a - +0 robe
rPois    .         Spirit   .   (helmet restricted)
rElec    .         Reflect  .   L - scarf {rC+ rF+}
rCorr    .         Harm     .   (gloves unavailable)
MR       +....                  (boots unavailable)
Stlth    +.........             q - amulet of regeneration
HPRegen  1.46/turn              R - ring of magical power
MPRegen  0.16/turn              S - ring of protection from magic

@: lethally poisoned (-11 -> -15), repel missiles
A: large, unfitting armour, claws 3, fast metabolism 3, gourmand, regeneration
2, shaggy fur 1, strong 1, tough skin 3
a: Upheaval, Elemental Force, Disaster Area, Renounce Religion


You were on level 2 of the Lair of Beasts.
You worshipped Qazlal.
Qazlal was extremely pleased with you.
You were full.

You visited 4 branches of the dungeon, and saw 15 of its levels.

You collected 856 gold pieces.

Inventory:

Hand Weapons
 i - a cursed -1 rapier
 k - a +1 dagger of draining
 o - a +0 hunting sling
 p - a +0 blowgun
 u - a +3 flail of protection
 J - a +0 glaive of protection
 O - a +4 scimitar of flaming
Missiles
 c - 265 stones (quivered)
 j - 4 needles of confusion
 r - 14 tomahawks
 w - 61 poisoned needles
 K - 3 throwing nets
Armour
 a - a +0 robe (worn)
 v - the +0 robe of Democracy {rElec rC+ rN++ Slay-5}
   (You found it on level 1 of the Lair of Beasts)

   It affects your accuracy and damage with ranged weapons and melee attacks
   (-5).
   It protects you from cold.
   It insulates you from electricity.
   It greatly protects you from negative energy.
 x - a +0 large shield
 L - a scarf of resistance (worn)
 P - a +0 large shield
Jewellery
 q - an amulet of regeneration (around neck)
 R - a ring of magical power (left claw)
 S - a ring of protection from magic (right claw)
 T - an uncursed ring of fire
Wands
 t - a wand of scattershot (6)
 y - a wand of disintegration (19)
 F - a wand of digging (11)
 G - a wand of acid (6)
 U - a wand of paralysis (10)
Scrolls
 d - 4 scrolls of amnesia {unknown}
 e - 8 scrolls of remove curse
 f - 2 scrolls of enchant weapon {unknown}
 g - 8 scrolls of teleportation {unknown}
 m - 2 scrolls of fog {unknown}
 A - a scroll of blinking {unknown}
 C - 4 scrolls of fear {unknown}
 E - a scroll of noise {unknown}
 H - a scroll of silence {unknown}
 I - 2 scrolls of vulnerability {unknown}
 M - a scroll of enchant armour {unknown}
 N - 2 scrolls of acquirement {unknown}
Potions
 h - a potion of might
 l - 5 potions of heal wounds
 n - 2 potions of brilliance
 s - a potion of lignification
 z - a potion of degeneration
 B - a potion of agility
 D - a potion of flight
 V - 2 potions of mutation
 W - a potion of haste {unknown}
Miscellaneous
 Q - a crystal ball of energy
Comestibles
 b - 29 rations


   Skills:
 * Level 4.5 Fighting
 * Level 8.3 Dodging
 - Level 1.0 Stealth
 + Level 2.7 Shields
 + Level 15.3 Unarmed Combat


You had 10 spell levels left.
You didn't know any spells.
Your spell library was empty.

Dungeon Overview and Level Annotations

Branches:
Dungeon (9/15)             Temple (1/1) D:6            Lair (3/6) D:9
    Orc (2/2) D:9
  Swamp: Lair:2-4    Shoals: Lair:2-4     Snake: Lair:2-4    Spider: Lair:2-4
    Elf: Orc:2

Altars:
Ashenzari
Cheibriados
Dithmenos
Elyvilon
Fedhas
Gozag
Hepliaklqana
Kikubaaqudgha
Makhleb
Nemelex Xobeh
Okawaru
Qazlal
Ru
Sif Muna
Trog
Uskayaw
Vehumet
Wu Jian
Xom
Yredelemnul
Zin
The Shining One
Beogh

Shops:
D:4 [   D:5 *[([:

Annotations:
Orc:2 Sonja


Innate Abilities, Weirdness & Mutations

You are too large for most types of armour.
You have claws for hands.
Your metabolism is lightning-fast.
You like to eat raw meat.
You heal very quickly.
You are covered in fur. (AC +1)
You have extremely tough skin. (AC +3)
Your muscles are strong. (Str +2)


Message History

You claw the blink frog!
The blink frog is heavily wounded.
You feel sick. The spiny frog stings you!
The blink frog blinks!
The blink frog barely misses you.
The spiny frog is engulfed in freezing vapours.
The spiny frog stings you! You block the blink frog's attack.
You feel sick. The spiny frog stings you!!
* * * LOW HITPOINT WARNING * * *
You are more poisoned.
The spiny frog poisons you!
The blink frog blinks!
The blink frog barely misses you.
The blink frog blinks!
The spiny frog is engulfed in freezing vapours.
The spiny frog seems to slow down.
You block the spiny frog's attack.
You climb upwards.
You feel very sick.
There is a stone staircase leading down here.
You feel sick. You block the blink frog's attack. The spiny frog stings you!
* * * LOW HITPOINT WARNING * * *
The blink frog hits you.
* * * LOW HITPOINT WARNING * * *
The spiny frog stings you!!
You die...

..## #...##
#....## ..##
##....# #....P#
...# #.#...#
##...## ..##
##....# #P....#
##.# ###...#
##...## ####
#....## #....P# #
#P..<# #.....#
###...# #....##
###.....# ##...##
#..#..###
##.FF°.# ##.#####
#.#F@☼.# ##...P#
##.§○..# #....##
##....### <...##
##....## .....##
###....P#
..#...###..##.###
.#.....##....##
.####....#..##
#.# ##......# ###
##....P##
##....###


You could see 2 spiny frogs and a blink frog.

Vanquished Creatures
  Harold (D:7)
  Erica (D:8)
  Pikel (D:5)
  3 elephants (Lair:2)
  3 komodo dragons
  6 spiny frogs
  A queen bee (Lair:1)
  Prince Ribbit (D:7)
  2 hippogriffs
  A human (D:9)
  A wyvern (D:7)
  6 yaks (Lair:2)
  Eustachio (D:5)
  2 wargs
  Edmund (D:6)
  4 water moccasins
  2 porcupines (Lair:2)
  Duvessa (D:7)
  7 orc warriors
  A black bear (D:4)
  A slave (D:5)
  2 sky beasts
  3 ogres
  A centaur (D:5)
  3 crocodiles
  2 big kobolds
  6 bullfrogs
  Dowan (D:7)
  A wyvern skeleton (D:6)
  3 scorpions
  4 wights (D:7)
  35 killer bees
  An electric eel (Lair:1)
  4 howler monkeys
  4 crimson imps
  A centaur skeleton (D:2)
  5 jellies
  10 orc priests
  9 orc wizards
  2 bullfrog skeletons
  Terence (D:3)
  2 iguanas
  9 worker ants
  A killer bee zombie (D:9)
  3 hound zombies
  A hound skeleton (D:4)
  A worker ant zombie (D:6)
  10 adders
  2 shadow imps
  7 oozes
  4 worms
  2 dart slugs
  4 leopard geckos
  50 orcs
  9 bats
  3 giant cockroaches
  13 goblins
  6 hobgoblins
  11 jackals
  38 kobolds
  6 quokkas
  6 frilled lizards
  A giant cockroach zombie (D:6)
  A quokka skeleton (D:4)
  2 quokka zombies (D:5)
  6 rats
  11 plants
354 creatures vanquished.

Vanquished Creatures (others)
  A bullfrog zombie (D:5)
  An orc wizard (D:5)
  An orc (D:5)
  A fungus (Lair:2)
4 creatures vanquished.

Grand Total: 358 creatures vanquished

Notes
Turn   | Place    | Note
-------+----------+-------------------------------------------
     0 | D:1      | bli the Troll Monk began the quest for the Orb.
     0 | D:1      | Reached XP level 1. HP: 22/22 MP: 0/0
   174 | D:1      | Reached XP level 2. HP: 29/29 MP: 1/1
   942 | D:2      | Reached XP level 3. HP: 32/36 MP: 2/2
  1002 | D:2      | Reached skill level 4 in Unarmed Combat
  1030 | D:2      | Reached XP level 4. HP: 31/44 MP: 3/3
  1213 | D:2      | Found an ancient bone altar of Kikubaaqudgha.
  1235 | D:2      | Reached skill level 5 in Unarmed Combat
  1309 | D:2      | Reached XP level 5. HP: 52/52 MP: 4/4
  1374 | D:3      | Found a snail-covered altar of Cheibriados.
  1399 | D:3      | Found a radiant altar of Vehumet.
  1925 | D:3      | Noticed Terence
  1932 | D:3      | Killed Terence
  2433 | D:4      | Reached skill level 6 in Unarmed Combat
  2476 | D:4      | Found Lemidaon's Armour Emporium.
  2502 | D:4      | Reached XP level 6. HP: 50/59 MP: 5/5
  2525 | D:4      | HP: 2/59 [killer bee (6)]
  2536 | D:4      | Reached skill level 7 in Unarmed Combat
  2635 | D:4      | Reached XP level 7. HP: 67/67 MP: 6/6
  2991 | D:4      | Reached skill level 8 in Unarmed Combat
  3579 | D:5      | Entered Level 5 of the Dungeon
  3579 | D:5      | Found Celeuw's Assorted Antiques.
  3593 | D:5      | Found Agaiba Bustru's Antique Armour Shop.
  3633 | D:5      | Noticed Pikel
  3644 | D:5      | Killed Pikel
  3644 | D:5      | Reached skill level 9 in Unarmed Combat
  3644 | D:5      | Reached XP level 8. HP: 42/75 MP: 7/7
  3698 | D:5      | Found Jegyoss's Weapon Boutique.
  3714 | D:5      | Found a sparkling altar of Nemelex Xobeh.
  3795 | D:5      | Noticed Eustachio
  3820 | D:5      | Killed Eustachio
  3828 | D:5      | Found Canloos's Armour Shoppe.
  4035 | D:5      | Found Plog's Book Boutique.
  4136 | D:6      | Reached skill level 10 in Unarmed Combat
  4253 | D:6      | Found a staircase to the Ecumenical Temple.
  4261 | Temple   | Entered the Ecumenical Temple
  4361 | Temple   | Became a worshipper of Qazlal Stormbringer
  4361 | Temple   | Reached * piety under Qazlal
  4361 | Temple   | Reached ** piety under Qazlal
  4754 | D:6      | Reached XP level 9. HP: 83/83 MP: 8/8
  4816 | D:6      | Noticed Edmund
  4822 | D:6      | Killed Edmund
  5066 | D:7      | Found a glowing silver altar of Zin.
  5180 | D:7      | Noticed Prince Ribbit
  5193 | D:7      | Killed Prince Ribbit
  5193 | D:7      | Reached skill level 11 in Unarmed Combat
  5288 | D:7      | Reached skill level 5 in Dodging
  5406 | D:7      | Noticed Duvessa
  5413 | D:7      | Noticed Dowan
  5422 | D:7      | Killed Duvessa
  5427 | D:7      | Killed Dowan
  5515 | D:7      | Found a shadowy altar of Dithmenos.
  5695 | D:7      | Found a glowing golden altar of the Shining One.
  5868 | D:7      | Noticed Harold
  5890 | D:7      | Killed Harold
  5890 | D:7      | Reached skill level 12 in Unarmed Combat
  5993 | D:8      | Found an iron altar of Okawaru.
  6142 | D:7      | Reached XP level 10. HP: 92/92 MP: 9/9
  6155 | D:7      | Reached *** piety under Qazlal
  6274 | D:8      | Reached skill level 13 in Unarmed Combat
  6296 | D:8      | HP: 1/92 [orc warrior/+0 battleaxe (6)]
  6432 | D:7      | Reached **** piety under Qazlal
  6542 | D:8      | Found a hazy altar of Hepliaklqana.
  6558 | D:8      | Noticed Erica
  6560 | D:8      | Reached skill level 1 in Shields
  6577 | D:8      | Killed Erica
  6672 | D:8      | Found a roughly hewn altar of Beogh.
  6748 | D:8      | Found a hide-covered altar of Uskayaw.
  7141 | D:9      | Found a staircase to the Lair.
  7190 | D:9      | Found a staircase to the Orcish Mines.
  7352 | D:9      | Found an opulent altar of Gozag.
  7714 | D:9      | Gained mutation: You heal very quickly. [potion of
                  | mutation]
  7714 | D:9      | Gained mutation: Your muscles are strong. (Str +2) [potion
                  | of mutation]
  7720 | Orc:1    | Entered Level 1 of the Orcish Mines
  7979 | Orc:2    | Entered Level 2 of the Orcish Mines
  7987 | Orc:2    | Noticed Sonja
  8019 | Lair:1   | Entered Level 1 of the Lair of Beasts
  8052 | Lair:1   | Noticed a spiny frog
  8058 | Lair:1   | Killed a spiny frog
  8060 | Lair:1   | Reached XP level 11. HP: 53/100 MP: 10/10
  8143 | Lair:1   | Reached skill level 14 in Unarmed Combat
  8296 | Lair:1   | Got a silken robe
  8307 | Lair:1   | Identified the cursed +0 robe of Democracy {rElec rC+ rN++
                  | Slay-5} (You found it on level 1 of the Lair of Beasts)
  8413 | Lair:1   | Reached ***** piety under Qazlal
  9270 | Lair:2   | Reached skill level 15 in Unarmed Combat
 10172 | Lair:2   | Mangled by a spiny frog

Levels and vault maps discovered:
D:1:      dpeg_arrival_prison, layout_basic, st_stairs_12
D:2:      layout_basic, kiku_gazebo_pond_becter, first_ration
D:3:      layout_loops_corners, old_standard_altar, lemuel_round_altar,
          uniq_terence
D:4:      kennysheep_kobold_camp, layout_basic, serial_shops, shop
D:5:      layout_rooms, nemelex_xobeh_ov_fountains_minmay, serial_shops,
          nicolae_shop_window_shopping, nicolae_shop_overgrown_old_shop, shop,
          nicolae_shop_crystal, shop, uniq_pikel, uniq_eustachio
D:6:      layout_gridville, minmay_temple_entry_arrows, uniq_edmund
D:7:      layout_loops_corners, kennysheep_little_box,
          grunt_dithmenos_smoke_and_mirrors, tso_altar, uniq_harold,
          uniq_duvessa, uniq_prince_ribbit1
D:8:      layout_rooms, lemuel_round_altar, old_standard_altar,
          okawaru_metal_pillars_1_2, special_room [special_room_orc],
          hangedman_little_slice_of_home, chequers_serial_rivers_micro_a,
          uniq_erica
D:9:      layout_roguey, old_standard_altar, lair_entry_dummy, erik_orc_4
Temple:   minmay_temple_curvy_loop
Lair:1:   layout_hall_layers, special_room [special_room_bee],
          nicolae_quartered_pool_super, st_stairs_12,
          hangedman_lair_unloving_vines
Lair:2:   layout_concentric_octagons, beast_lair_carwin_5
Lair:3:   layout_chaotic_city
Orc:1:    layout_caves
Orc:2:    grunt_orc_community_town_hall, layout_caves,
          grunt_orc_community_big_house_2, grunt_orc_community_big_house_2,
          grunt_orc_community_house_1, grunt_orc_community_house_3,
          grunt_orc_community_house_2, grunt_orc_community_house_3, uniq_sonja

Skill      XL: |  1  2  3  4  5  6  7  8  9 10 11 |
---------------+----------------------------------+-----
Unarmed Combat | 4 5 6 7 9 10 12 13 15 | 15.3
Dodging        | 3 4 5 7 8 |  8.3
Fighting       | 3 4 |  4.5
Shields        | 1 2 |  2.7
Stealth        | |  1.0

Action                   |  1- 3 |  4- 6 |  7- 9 | 10-12 || total
-------------------------+-------+-------+-------+-------++-------
Melee: Unarmed           |    92 |   195 |   352 |   399 ||  1038
       Punch             |     2 |     3 |    17 |    29 ||    51
Throw: Stone             |       |       |       |     2 ||     2
  Use: Potion            |       |     2 |       |     2 ||     4
       Scroll            |       |       |       |     9 ||     9
 Stab: Sleeping          |       |     5 |     1 |       ||     6
       Distracted        |       |       |     1 |       ||     1
  Eat: Chunk             |    15 |    15 |    32 |    29 ||    91
       Ration            |       |       |       |     1 ||     1
Armor: Robe              |    35 |    63 |    56 |    90 ||   244
Dodge: Dodged            |    55 |   117 |   110 |   337 ||   619
       Deflected         |       |       |       |     3 ||     3
Block: Other             |       |       |    10 |   127 ||   137

Table legend:
 A = Non-vault XP
 B = Vault XP
 C = Vault XP percentage of total XP
 D = Non-vault monster count
 E = Vault monster count
 F = Vault count percentage of total count
                 A         B        C        D         E       F
            +---------+---------+-------+---------+---------+-------
      Total |   12463 |    7692 |  38.2 |     231 |     111 |  32.5
            +---------+---------+-------+---------+---------+-------
        D:1 |      35 |       2 |   5.4 |      17 |       1 |   5.6
        D:2 |     161 |       0 |   0.0 |      32 |       0 |   0.0
        D:3 |     110 |      38 |  25.7 |      34 |       1 |   2.9
        D:4 |     716 |     126 |  15.0 |      22 |      21 |  48.8
        D:5 |     255 |     861 |  77.2 |       8 |       2 |  20.0
        D:6 |     532 |     149 |  21.9 |      14 |       1 |   6.7
        D:7 |    1744 |    1601 |  47.9 |      31 |       7 |  18.4
        D:8 |     881 |    1334 |  60.2 |      18 |      33 |  64.7
        D:9 |     830 |     708 |  46.0 |      23 |      15 |  39.5
     Lair:1 |    2433 |    1801 |  42.5 |      10 |      25 |  71.4
     Lair:2 |    4321 |    1072 |  19.9 |      16 |       5 |  23.8
      Orc:1 |     162 |       0 |   0.0 |       2 |       0 |   0.0
      Orc:2 |     283 |       0 |   0.0 |       4 |       0 |   0.0
            +---------+---------+-------+---------+---------+-------
